 Dungeon Crawl Stone Soup version 0.29-a0-322-g68df515428 (webtiles) character file.

Game seed: 9185773497868493923

196 HotDog the Covered (level 5, -1/33 HPs)
             Began as a Gargoyle Fighter on Apr 7, 2022.
             Slain by a river rat (4 damage)
             ... in a sewer.
             The game lasted 00:06:25 (3601 turns).

HotDog the Covered (Gargoyle Fighter)               Turns: 3601, Time: 00:06:26

Health: -1/33      AC: 12    Str: 22    XL:     5   Next: 75%
Magic:  6/6        EV: 10    Int:  8    God:
Gold:   153        SH:  5    Dex: 15    Spells: 4/4 levels left

rFire   . . .      SeeInvis .   a - +0 flail
rCold   . . .      Faith    .   c - +0 buckler
rNeg    + . .      Spirit   .   b - +0 scale mail
rPois   ∞          Reflect  .   (no helmet)
rElec   +          Harm     .   e - +0 cloak
rCorr   .          Rampage  .   (no gloves)
Will    .....                   (no boots)
Stlth   ..........              (no amulet)
HPRegen 0.11/turn               g - +6 ring of dexterity
MPRegen 0.10/turn               (no ring)

@: studying Armour, very slow
A: sickness immunity, AC +4, negative energy resistance 1, electricity
resistance, torment resistance 1, petrification resistance
a: no special abilities


You were in a sewer.
You visited 1 branch of the dungeon, and saw 5 of its levels.
You also visited: Sewer.

You collected 153 gold pieces.

Inventory:

Hand Weapons
 a - a +0 flail (weapon)
Armour
 b - a +0 scale mail (worn)
 c - a +0 buckler (worn)
 e - a +0 cloak (worn)
Jewellery
 g - a +6 ring of dexterity (left hand)
 s - a ring of fire
Wands
 v - a wand of paralysis (5)
Scrolls
 f - a scroll of teleportation
 i - a scroll of holy word {unknown}
 j - a scroll of magic mapping {unknown}
 n - a scroll of enchant armour {unknown}
 p - a scroll of amnesia {unknown}
 q - a scroll of enchant weapon {unknown}
 t - a scroll of immolation
 u - a scroll of blinking
Potions
 d - a potion of might
 h - 3 potions of heal wounds
 k - 2 potions of flight
 l - 2 potions of mutation {unknown}
 m - 3 potions of lignification
 o - a potion of curing {unknown}
 r - 2 potions of brilliance
 w - a potion of berserk rage {unknown}


   Skills:
 * Level 4.0 Fighting
 * Level 3.6 Maces & Flails
 * Level 4.0 Armour
 * Level 1.1 Dodging
 * Level 3.9 Shields
 * Level 1.6 Invocations


You had 4 spell levels left.
You didn't know any spells.
Your spell library contained the following spells:

 Spells                   Type           Power      Damage    Failure   Level
 Animate Skeleton         Necr           0%         N/A       82%         1
 Apportation              Tloc           0%         N/A       82%         1
 Summon Small Mammal      Summ           0%         N/A       82%         1
 Blink                    Tloc           0%         N/A       91%         2
 Call Canine Familiar     Summ           0%         N/A       99%         3
 Lesser Beckoning         Tloc           0%         N/A       99%         3
 Summon Guardian Golem    Hex/Summ       0%         N/A       99%         3
 Petrify                  Tmut/Erth      0%         N/A       100%        4
 Alistair's Intoxication  Tmut/Pois      0%         N/A       100%        5
 Manifold Assault         Tloc           0%         N/A       100%        5
 Metabolic Englaciation   Hex/Ice        0%         N/A       100%        5
 Malign Gateway           Summ/Tloc      0%         N/A       100%        7
 Orb of Destruction       Conj           0%         9d5       100%        7
 Spellforged Servitor     Conj/Summ      0%         N/A       100%        7
 Summon Horrible Things   Summ           0%         N/A       100%        8
 Statue Form              Tmut/Erth      Unusable   N/A       N/A         6

Dungeon Overview and Level Annotations

Branches:
Dungeon (5/15)              Sewer (1/1)
 Temple: D:4-7

Altars:

Shops:
D:2 =   D:4 [   D:5 *


Innate Abilities, Weirdness & Mutations

You are immune to sickness and miasma.
Your stone body is resilient. (AC +4)
You are immune to poison.
You resist negative energy. (rN+)
You are resistant to electric shocks. (rElec)
You are resistant to unholy torment.
You are immune to petrification.


Message History

The river rat bites you but does no damage.
You closely miss the river rat.
The river rat bites you but does no damage.
You block the river rat's attack. The river rat bites you.
You closely miss the river rat. The river rat barely misses you.
The river rat bites you.
* * * LOW HITPOINT WARNING * * *
It was a potion of heal wounds.
You feel much better. The river rat misses you.
The river rat barely misses you. You block the river rat's attack.
The river rat attacks as you move away!
The river rat bites you but does no damage.
You enter the shallow water.
Moving in this stuff is going to be slow.
You block the river rat's attack. The river rat bites you!
Why would you want to do that?
Your unstable footing causes you to fumble your attack.
You block the river rat's attack. The river rat closely misses you.
The river rat barely misses you.
Your unstable footing causes you to fumble your attack.
You block the river rat's attack. x2; The river rat bites you.
Unknown command.
You hit the river rat but do no damage. The river rat misses you.
You block the river rat's attack.
The river rat bites you but does no damage.
Unknown command.
You barely miss the river rat. The river rat barely misses you.
The river rat bites you but does no damage.
You block the river rat's attack. The river rat bites you.
The river rat bites you but does no damage.
The river rat misses you.
Your unstable footing causes you to fumble your attack.
The river rat bites you. The river rat closely misses you.
The river rat bites you.
* * * LOW HITPOINT WARNING * * *
A bat comes into view.
The river rat bites you.
* * * LOW HITPOINT WARNING * * *
The river rat bites you.
You die...

#≈≈≈≈ #.≈.≈≈ #≈≈≈≈ #≈≈b#
#.≈≈# #≈≈≈#
#≈≈≈#####++#####+
#≈†@r≈≈..........
#.†rr.≈..........
#≈≈≈#####''#####+ #.≈≈#
....# #≈≈≈# ######
#######≈≈≈################
≈≈≈≈≈≈≈≈≈≈≈..≈.≈≈≈≈≈≈≈≈.≈.
≈≈≈≈≈≈≈.≈≈≈≈≈≈≈≈≈≈≈≈≈≈≈≈≈≈
≈≈≈≈≈≈≈≈≈≈.≈≈≈≈..≈≈≈≈≈.≈≈≈


You could see 3 river rats and a bat.

Vanquished Creatures
  7 adders
  3 gnolls (D:2)
  A river rat (Sewer)
  2 worms (D:2)
  A dart slug (D:1)
  An orc (D:4)
  15 ball pythons
  8 bats
  6 endoplasms
  9 giant cockroaches
  3 goblins
  8 hobgoblins
  A jackal (Sewer)
  6 quokkas
  3 frilled lizards
  4 kobolds
  6 rats
84 creatures vanquished.

Vanquished Creatures (others)
  73 plants (D:1)
73 creatures vanquished.

Grand Total: 157 creatures vanquished

Notes
Turn   | Place    | Note
-------+----------+-------------------------------------------
     0 | D:1      | HotDog the Gargoyle Fighter began the quest for the Orb.
     0 | D:1      | Reached XP level 1. HP: 14/14 MP: 1/1
   135 | D:1      | Reached XP level 2. HP: 19/19 MP: 2/2
   509 | D:1      | Reached XP level 3. HP: 22/23 MP: 3/3
  1603 | D:2      | Found Zuzierch's Jewellery Shoppe.
  1638 | D:2      | Reached skill level 1 in Invocations
  1638 | D:2      | Reached XP level 4. HP: 16/29 MP: 4/4
  2378 | D:3      | Reached XP level 5. HP: 28/33 MP: 5/5
  2445 | D:3      | Reached skill level 1 in Dodging
  3194 | D:4      | Found Ketrolorr's Antique Armour Shoppe.
  3242 | D:4      | Noticed an ogre
  3270 | D:5      | Entered Level 5 of the Dungeon
  3270 | D:5      | Found Cumigaj's Assorted Antiques.
  3274 | D:5      | Identified a scroll of acquirement
  3274 | D:5      | Acquired a manual of Armour
  3302 | D:5      | Found a glowing drain.
  3358 | Sewer    | Entered a sewer
  3601 | Sewer    | Slain by a river rat

Illustrated notes

Levels and vault maps discovered:
D:1:      roderic_crop_circles_arrival_small, layout_loops_corners,
          chequers_decorated_corner, minmay_quantized
D:2:      layout_basic, serial_shops, nicolae_shop_stone
D:3:      layout_rooms
D:4:      layout_basic, serial_shops, shop, minmay_misc_feat_ornament,
          minmay_cupped
D:5:      layout_rooms, gup_sewer_entry_pipe, serial_shops,
          kennysheep_little_box, shop, shop, shop
Sewer:    sewer_fruit_machine

Skill      XL: |  1  2  3  4  5 |
---------------+----------------+-----
Invocations    | 1 |  1.6
Maces & Flails | 3 |  3.6
Dodging        | 1 |  1.1
Armour         | 4 |  4.0
Fighting       | 4 |  4.0
Shields        | |  3.9

Action                   |  1- 3 |  4- 6 || total
-------------------------+-------+-------++-------
Melee: Flail             |   106 |   167 ||   273
  Use: Scroll            |       |     7 ||     7
       Potion            |       |     1 ||     1
Armor: Scale mail        |    53 |   152 ||   205
Dodge: Dodged            |    45 |   144 ||   189
Block: Buckler           |    19 |    79 ||    98

Table legend: (Time is in decaauts)
 A = Elapsed time spent in this place.
 B = Non-inter-level travel time spent in this place.
 C = Inter-level travel time spent in this place.
 D = Time resting spent in this place.
 E = Time spent auto-exploring this place.
 F = Levels seen in this place.
 G = Mean time per level.
                   A        B        C        D        E       F      G
               +--------+--------+--------+--------+--------+-----+--------+
         Total |   3737 |   3582 |    155 |    272 |   2497 |   6 |  622.8 |
       Dungeon |   3424 |   3269 |    155 |    263 |   2446 |   5 |  684.8 |
         Sewer |    312 |    312 |      0 |      9 |     51 |   1 |  312.0 |
               +--------+--------+--------+--------+--------+-----+--------+

Top non-repeatable levels by time:
     D:1: 1197 daAuts
     D:2: 1172 daAuts
     D:4: 491 daAuts
     D:3: 460 daAuts
   Sewer: 312 daAuts
     D:5: 102 daAuts
